 Dungeon Crawl Stone Soup version 0.27-a0-1200-g94dc6ad4cf (webtiles) character file.

Game seed: 4460352034821823914

6139 Armakuni the Mender (level 11, 0/86 HPs)
             Began as a Human Monk on May 31, 2021.
             Was a Priest of Elyvilon.
             Slain by a polar bear (26 damage)
             ... on level 10 of the Dungeon.
             The game lasted 00:27:01 (9932 turns).

Armakuni the Mender (Human Monk)                    Turns: 9932, Time: 00:27:01

Health: 0/86       AC:  9    Str: 15    XL:     11   Next: 13%
Magic:  18/20      EV: 12    Int: 15    God:    Elyvilon [***...]
Gold:   501        SH:  0    Dex: 15    Spells: 9/10 levels left

rFire    + . .     SeeInvis .   a - +6 scimitar (freeze)
rCold    + + .     Faith    .   (no shield)
rNeg     . . .     Spirit   .   r - +1 leather armour "Dosost" {Rampage rElec rC++ Str+4}
rPois    .         Reflect  .   y - +0 helmet
rElec    +         Harm     .   (no cloak)
rCorr    .         Rampage  +   k - +0 pair of gloves
Will     .....                  m - +2 pair of boots
Stlth    ++........             M - amulet of magic regeneration
HPRegen  0.24/turn              g - ring of protection from fire
MPRegen  0.42/turn              (no ring)

@: no status effects
A: no striking features
a: Renounce Religion, Lesser Healing, Heal Other, Purification, Divine
Protection


You were on level 10 of the Dungeon.
You worshipped Elyvilon.
Elyvilon was most pleased with you.
You visited 2 branches of the dungeon, and saw 11 of its levels.
You also visited: Sewer.

You collected 501 gold pieces.

Inventory:

Hand Weapons
 a - a +6 scimitar of freezing (weapon)
 b - a +2 dagger of venom
Missiles
 h - 4 curare-tipped darts
 u - 7 boomerangs (quivered)
Armour
 k - a +0 pair of gloves (worn)
 m - a +2 pair of boots (worn)
 r - the +1 leather armour "Dosost" (worn) {Rampage rElec rC++ Str+4}
   (You found it on level 6 of the Dungeon)

   It affects your strength (+4).
   It greatly protects you from cold.
   It insulates you from electricity.
   It bestows one free step when moving towards enemies.
 y - a +0 helmet (worn)
Magical Staves
 s - a staff of death
Jewellery
 g - a ring of protection from fire (left hand)
 F - a ring of fire
 M - an amulet of magic regeneration (around neck)
Wands
 z - a wand of flame (60)
 A - a wand of digging (5)
Scrolls
 e - 2 scrolls of fear
 i - a scroll of silence
 l - a scroll of identify
 o - 3 scrolls of noise
 t - 3 scrolls of amnesia
 v - a scroll of summoning
 w - a scroll of magic mapping
Potions
 c - 6 potions of curing
 d - a potion of haste
 f - 5 potions of flight
 j - 4 potions of ambrosia
 n - 2 potions of invisibility
 p - 2 potions of brilliance
 q - a potion of heal wounds


   Skills:
 + Level 7.9 Fighting
 + Level 7.9 Long Blades
 - Level 3.0 Dodging
 - Level 2.0 Stealth
 - Level 12.0 Invocations
 - Level 5.0 Evocations


You had 9 spell levels left.
You knew the following spells:

 Your Spells              Type           Power      Damage    Failure   Level
a - Apportation           Tloc           0%         N/A       32%         1

Your spell library contained the following spells:

 Spells                   Type           Power      Damage    Failure   Level
 Animate Skeleton         Necr           0%         N/A       32%         1
 Corona                   Hex            0%         N/A       32%         1
 Summon Small Mammal      Summ           0%         N/A       32%         1
 Corpse Rot               Necr/Air       N/A        N/A       45%         2
 Sublimation of Blood     Necr           0%         N/A       45%         2
 Dispel Undead            Necr           0%         3d6       97%         4
 Agony                    Necr           0%         N/A       100%        5
 Excruciating Wounds      Necr           0%         N/A       100%        5


Dungeon Overview and Level Annotations

Branches:
Dungeon (10/15)            Temple (1/1) D:5            Lair (0/6) D:9
  Sewer (visited)
    Orc: D:9-12

Altars:
Ashenzari
Cheibriados
Dithmenos
Elyvilon
Fedhas
Gozag
Hepliaklqana
Kikubaaqudgha
Makhleb
Nemelex Xobeh
Okawaru
Qazlal
Ru
Sif Muna
Trog
Uskayaw
Vehumet
Wu Jian
Xom
Yredelemnul
Zin
The Shining One

Shops:
D:2 [   D:5 (   D:6 *

Annotations:
D:8 2 transporters, eXtarkYa's ghost, novice HOFi; qborf's ghost, journeyman TrMo


Message History

The polar bear completely misses you.
The polar bear claws you but does no damage.
The polar bear barely misses you.
The white imp hits you but does no damage.
The howler monkey simulacrum hits you but does no damage.
You hit the polar bear.
The polar bear is lightly wounded.
The polar bear bites you but does no damage.
The polar bear claws you but does no damage.
The polar bear completely misses you.
You are healed.
The polar bear bites you.
The polar bear claws you but does no damage.
The polar bear claws you.
You are healed.
The polar bear bites you but does no damage.
The polar bear claws you. The polar bear closely misses you.
You are healed.
The polar bear bites you but does no damage.
The polar bear barely misses you. x2
Unknown command.
You slash the polar bear! You freeze the polar bear.
The polar bear is moderately wounded.
The polar bear bites you! The polar bear claws you.
The polar bear barely misses you.
You slash the polar bear! You freeze the polar bear.
The polar bear is severely wounded.
The polar bear goes berserk!
The white imp picks up a beetle and eats it.
You completely miss the polar bear.
The polar bear is severely wounded.
The polar bear bites you!
The polar bear claws you but does no damage. x2
The polar bear bites you!! The polar bear claws you.
The polar bear claws you but does no damage.
Press: ? - help, Dir - move target, f - polar bear Heal: a polar bear (severely wounded, berserk, chance to pacify: 84%)
The light of Elyvilon fails to reach the polar bear.
You can no longer provide greater healing for yourself.
The polar bear bites you!!
You die...

#.............(# #.#
#<#######..##### #.#
#.#.........# ##.#
#.#.#######.# #..# #.# #.#
###... #.# #.#####...## #..
#.'.....#.# ##.#####
#########.# ###...5h@# #.#
###.....Z### #.#
#.......Z..##### #.#
#..............### #.#
####...##......'.## ##+##
.......)......#..#####....
#..............##....##....
###............#####..'....
###..........# ####....


You could see a polar bear (berserk), a white imp and a howler monkey
simulacrum.

Vanquished Creatures
  A deep elf pyromancer (D:10)
  A cyclops (D:8)
  Grinder (D:3)
  3 centaur simulacra (D:10)
  Sigmund (D:2)
  Eustachio (D:6)
  2 steam dragons
  Menkaure (D:7)
  A water moccasin (D:6)
  Duvessa (D:7)
  Purgy (D:3)
  A black bear (D:7)
  2 orc warriors
  3 sky beasts
  4 ice beasts
  A hornet zombie (D:9)
  2 ogres (D:6)
  A centaur (D:10)
  A kobold brigand (D:7)
  5 bullfrogs
  A gnoll sergeant (D:9)
  A scorpion (D:5)
  A wyvern zombie (D:9)
  A water moccasin zombie (D:6)
  Dowan (D:7)
  2 killer bees (D:9)
  8 wights
  3 centaur zombies
  A bullfrog zombie (D:7)
  2 jellies
  5 orc priests
  A hound (D:7)
  A centaur skeleton (D:7)
  Jessica (D:3)
  Natasha (twice) (D:2)
  4 iguanas
  2 orc wizards
  A killer bee zombie (D:8)
  A howler monkey zombie (D:9)
  5 gnolls (D:9)
  6 adders
  A shadow imp (D:6)
  6 white imps
  An ufetubus (D:10)
  An adder skeleton (D:4)
  2 dart slugs (D:1)
  7 worms
  23 orcs
  11 endoplasms
  A giant cockroach (D:3)
  2 goblins
  5 hobgoblins
  8 kobolds
  3 quokkas
  5 ball pythons
  8 bats
  3 frilled lizards (Sewer)
  A quokka skeleton (D:4)
  A rat (D:3)
173 creatures vanquished.

Vanquished Creatures (others)
  A two-headed ogre (D:9)
  2 killer bees (D:9)
3 creatures vanquished.

Grand Total: 176 creatures vanquished

Notes
Turn   | Place    | Note
-------+----------+-------------------------------------------
     0 | D:1      | Armakuni the Human Monk began the quest for the Orb.
     0 | D:1      | Reached XP level 1. HP: 18/18 MP: 1/1
   283 | D:1      | Found a faded altar of an unknown god.
   309 | D:1      | Reached XP level 2. HP: 14/24 MP: 2/2
  1073 | D:2      | Found Wothrof's Armour Shoppe.
  1081 | D:2      | Reached XP level 3. HP: 23/29 MP: 3/3
  1319 | D:2      | Found a snail-covered altar of Cheibriados.
  1337 | D:2      | Noticed Natasha
  1372 | D:3      | Noticed Grinder
  1372 | D:3      | Noticed Purgy
  1616 | D:2      | Noticed Sigmund
  1707 | D:3      | Found an ancient bone altar of Kikubaaqudgha.
  2134 | D:4      | Reached skill level 1 in Evocations
  2134 | D:4      | Reached XP level 4. HP: 37/37 MP: 4/4
  2134 | D:4      | Found a shadowy altar of Dithmenos.
  2194 | D:4      | Noticed a steam dragon
  2199 | D:4      | Killed a steam dragon
  2200 | D:4      | Reached XP level 5. HP: 42/42 MP: 5/5
  2238 | D:3      | Reached XP level 6. HP: 44/48 MP: 6/6
  2248 | D:3      | Killed Purgy
  2249 | D:3      | Reached skill level 5 in Evocations
  2269 | D:3      | Killed Grinder
  2270 | D:3      | Reached XP level 7. HP: 36/55 MP: 7/7
  2463 | D:2      | Killed Natasha
  2616 | D:2      | Killed Sigmund
  2617 | D:2      | Reached skill level 5 in Fighting
  2617 | D:2      | Reached skill level 5 in Long Blades
  2809 | D:2      | Noticed Natasha
  2810 | D:2      | Killed Natasha
  2895 | D:2      | Reached XP level 8. HP: 53/62 MP: 8/8
  3156 | D:3      | Noticed Jessica
  3157 | D:3      | Killed Jessica
  3723 | D:4      | Found an opulent altar of Gozag.
  3863 | D:5      | Entered Level 5 of the Dungeon
  3888 | D:5      | Found a stormy altar of Qazlal.
  3971 | D:5      | Found Ygeifoj's Antique Weapon Boutique.
  4038 | D:5      | Found a glowing drain.
  4047 | Sewer    | Entered a sewer
  4930 | D:5      | Found an iron altar of Okawaru.
  5007 | D:5      | Found a glowing silver altar of Zin.
  5049 | D:5      | Found a staircase to the Ecumenical Temple.
  5059 | Temple   | Entered the Ecumenical Temple
  5101 | Temple   | Became a worshipper of Elyvilon the Healer
  5101 | Temple   | Reached * piety under Elyvilon
  5101 | Temple   | Reached ** piety under Elyvilon
  5492 | D:6      | Reached skill level 1 in Invocations
  5530 | D:6      | Reached skill level 2 in Invocations
  5541 | D:6      | Reached skill level 3 in Invocations
  5624 | D:6      | Identified the +1 leather armour "Dosost" {Rampage rElec
                  | rC++ Str+4}
  5668 | D:6      | Reached skill level 4 in Invocations
  5748 | D:6      | Reached skill level 5 in Invocations
  5748 | D:6      | Reached XP level 9. HP: 52/69 MP: 12/12
  5849 | D:6      | Noticed Eustachio
  5864 | D:6      | Killed Eustachio
  5865 | D:6      | Reached skill level 6 in Invocations
  5900 | D:6      | Learned a level 1 spell: Apportation
  5969 | D:6      | Found Pistrar's General Store.
  6053 | D:6      | Reached skill level 7 in Invocations
  6194 | D:6      | Reached skill level 8 in Invocations
  6519 | D:7      | Found a large runed translucent door.
  6520 | D:7      | Found a large runed translucent door.
  6526 | D:7      | Noticed Duvessa
  6527 | D:7      | Noticed Dowan
  6540 | D:7      | Killed Duvessa
  6542 | D:7      | Killed Dowan
  6562 | D:7      | Reached skill level 9 in Invocations
  6828 | D:7      | Noticed Menkaure
  6836 | D:7      | Killed Menkaure
  6956 | D:7      | You fall into a shaft and drop 1 floor!
  6963 | D:8      | Noticed a hornet
  6964 | D:8      | Pacified a hornet
  6965 | D:8      | Reached XP level 10. HP: 76/76 MP: 14/17
  7017 | D:8      | Reached skill level 10 in Invocations
  7075 | D:8      | Reached *** piety under Elyvilon
  7129 | D:8      | Noticed a moth of wrath
  7133 | D:8      | Found a transporter.
  7134 | D:8      | Found a bloodstained altar of Trog.
  7134 | D:8      | Noticed eXtarkYa's ghost (novice HOFi)
  7135 | D:8      | Noticed a two-headed ogre
  7144 | D:8      | Noticed a cyclops
  7153 | D:8      | Killed a cyclops
  7164 | D:8      | Found a transporter.
  7174 | D:8      | Reached skill level 11 in Invocations
  7710 | D:7      | Found a hide-covered altar of Uskayaw.
  7722 | D:7      | Found a radiant altar of Vehumet.
  8427 | D:9      | Reached skill level 12 in Invocations
  8507 | D:9      | Found a runed translucent gate.
  8507 | D:9      | Found a runed translucent gate.
  8507 | D:9      | Found a runed translucent gate.
  8507 | D:9      | Noticed qborf's ghost (journeyman TrMo)
  8509 | D:9      | Found a basalt altar of Yredelemnul.
  8675 | D:9      | Found a snail-covered altar of Cheibriados.
  8754 | D:9      | Found a staircase to the Lair.
  8845 | D:9      | Reached **** piety under Elyvilon
  8849 | D:9      | Noticed a two-headed ogre
  8859 | D:9      | Pacified a two-headed ogre
  8862 | D:9      | Killed a two-headed ogre
  8979 | D:9      | Found a sacrificial altar of Ru.
  9011 | D:9      | Found a sparkling altar of Nemelex Xobeh.
  9011 | D:9      | Found a broken altar of Ashenzari.
  9437 | D:9      | Identified the +1 chain mail of Wyeng {Contam Dex+5}
  9664 | D:10     | Entered Level 10 of the Dungeon
  9787 | D:10     | Noticed a deep elf pyromancer
  9795 | D:10     | Killed a deep elf pyromancer
  9796 | D:10     | Reached XP level 11. HP: 81/84 MP: 20/20
  9932 | D:10     | Slain by a polar bear

Illustrated notes

Levels and vault maps discovered:
D:1:      dpeg_arrival_tiny_h, layout_rooms,
          shapermc_ecumenical_altar_mp_highgroup
D:2:      layout_loops_ring, basic_altar, serial_shops, shop, uniq_natasha,
          uniq_sigmund
D:3:      layout_loops_cross, lemuel_crystal_altar, roderic_malta_cross,
          uniq_jessica, uniq_grinder, uniq_purgy
D:4:      layout_rooms, lemuel_crystal_altar, grunt_gozag_statues
D:5:      layout_basic, general_overflow_altar, kennysheep_mini,
          nicolae_qazlal_general_emergency, minmay_temple_entry_grid,
          serial_shops, nicolae_shop_behind_doors, portal_sewer_entry_d,
          kennysheep_generic_room_3
D:6:      layout_basic, serial_shops, shop, uniq_eustachio
D:7:      layout_basic, jmf_multi_god_temple2, serial_corexii_hall,
          chequers_hall_statues_corner_a, chequers_hall_statues_corner_a,
          corexii_hall_statues_t, chequers_hall_statues_wall_a,
          corexii_hall_statues_i, chequers_hall_statues_wall_a, uniq_menkaure,
          uniq_duvessa
D:8:      layout_cave_pods, gammafunk_ghost_wrathful_warriors,
          hangedman_decor_lopped, minmay_fractal_squares_diagonal_5
D:9:      layout_gridville, gammafunk_temple_overflow_statue,
          lemuel_crystal_altar, nicolae_yredelemnul_ghost_church,
          lemuel_doored_altar, lair_entry_dummy
D:10:     layout_roguey [special_room_orc], serial_ice, serial_ice_a,
          serial_ice_i, serial_ice_n, serial_ice_g, serial_ice_f, serial_ice_b,
          serial_ice_e, serial_ice_m
Temple:   jpeg_temple_island

Skill      XL: |  1  2  3  4  5  6  7  8  9 10 |
---------------+-------------------------------+-----
Evocations     | 1 4 5 |  5.0
Fighting       | 4 5 6 7 |  7.9
Long Blades    | 4 5 6 7 |  7.9
Invocations    | 5 9 12 | 12.0
Dodging        | |  3.0
Stealth        | |  2.0

Action                   |  1- 3 |  4- 6 |  7- 9 | 10-12 || total
-------------------------+-------+-------+-------+-------++-------
Melee: Falchion          |    66 |    17 |   129 |       ||   212
       Dagger            |       |       |    93 |       ||    93
       Scimitar          |       |       |    53 |   186 ||   239
Throw: Boomerang         |       |       |     2 |       ||     2
Invok: Lesser Healing    |       |       |    17 |    37 ||    54
       Heal Other        |       |       |     1 |     6 ||     7
       Divine Protection |       |       |       |     1 ||     1
Evoke: Wand              |     1 |    10 |    20 |     6 ||    37
  Use: Scroll            |     5 |     1 |     5 |     5 ||    16
       Potion            |       |     2 |     1 |     5 ||     8
 Stab: Sleeping          |     4 |     1 |     9 |     2 ||    16
       Distracted        |       |       |     1 |       ||     1
Armor: Robe              |     3 |       |    10 |       ||    13
       Leather armour    |       |     5 |    63 |   107 ||   175
       Skin              |       |       |       |    14 ||    14
Dodge: Dodged            |    36 |    13 |   148 |   130 ||   327
       Rpst.: Falchion   |    10 |     3 |    29 |       ||    42
       Scimitar          |       |       |    11 |    40 ||    51

Table legend: (Time is in decaauts)
 A = Elapsed time spent in this place.
 B = Non-inter-level travel time spent in this place.
 C = Inter-level travel time spent in this place.
 D = Time resting spent in this place.
 E = Time spent auto-exploring this place.
 F = Levels seen in this place.
 G = Mean time per level.
                   A        B        C        D        E       F      G
               +--------+--------+--------+--------+--------+-----+--------+
         Total |  10068 |   9702 |    366 |   1266 |   5762 |  12 |  839.0 |
       Dungeon |   9306 |   8972 |    334 |   1137 |   5522 |  10 |  930.6 |
        Temple |     75 |     43 |     32 |      0 |      0 |   1 |   75.0 |
         Sewer |    686 |    686 |      0 |    129 |    239 |   1 |  686.0 |
               +--------+--------+--------+--------+--------+-----+--------+

Top non-repeatable levels by time:
     D:1: 1259 daAuts
     D:9: 1203 daAuts
     D:3: 1066 daAuts
     D:7: 1028 daAuts
     D:6: 1000 daAuts
     D:5: 983 daAuts
     D:8: 930 daAuts
     D:2: 872 daAuts
     D:4: 692 daAuts
   Sewer: 686 daAuts
    D:10: 268 daAuts
  Temple: 75 daAuts
